[Event "*** SCC Grand Prix: Titled Tuesday Blitz"]
[Site "Chess.com"]
[Date "2020.10.13"]
[Round "2"]
[White "JoakimVonAnd"]
[Black "novocane"]
[Result "1-0"]
[WhiteElo "2489"]
[BlackElo "2270"]
[TimeControl "180+1"]
[EndTime "10:16:17 PDT"]
[Termination "JoakimVonAnd won by resignation"]

1. d4 Nf6 2. c4 e6 3. Nf3 b6 4. g3 Ba6 5. Qb3 c5 6. Bg2 Bb7 7. d5 exd5 8. Nfd2 d6 9. cxd5 Be7 10. Nc3 O-O 11. O-O a6 12. a4 Nbd7 13. Nc4 b5 14. axb5 axb5 15. Rxa8 Qxa8 16. Nxb5 Bxd5 17. Nc7 Bxc4 18. Qxc4 Qc8 19. Nb5 Ne5 20. Qc2 d5 21. Bf4 Ng6 22. Bg5 d4 23. Rc1 Re8 24. b4 h6 25. Bxf6 Bxf6 26. Nd6 Qe6 27. Nxe8 Qxe8 28. bxc5 Ne5 29. c6 Bg5 30. c7 1-0

[Event "*** SCC Grand Prix: Titled Tuesday Blitz"]
[Site "Chess.com"]
[Date "2020.10.13"]
[Round "2"]
[White "anasta10"]
[Black "Gabix_94"]
[Result "0-1"]
[WhiteElo "2417"]
[BlackElo "2787"]
[TimeControl "180+1"]
[EndTime "10:16:20 PDT"]
[Termination "Gabix_94 won by resignation"]

1. d4 Nf6 2. c4 g6 3. Nc3 Bg7 4. e4 d6 5. Bd3 O-O 6. Nge2 Nc6 7.
O-O e5 8. d5 Nd4 9. Kh1 c5 10.
f3 Rb8 11. Be3 a6 12. Rb1 Nd7 13. a3 f5 14. exf5 gxf5 15. b4 b6 16. Qd2 Qf6 17.
a4 cxb4 18. Rxb4 a5 19. Rbb1 Nc5 20. Nb5 Nxe2 21. Qxe2 Nxa4 22. Qd2 Bd7 23. Na7 Nc5 24.
Nc6 Rbe8 25. Rxb6 Nxd3 26. Qxd3 a4 27. Rb7 Bc8 28. Ra7 f4 29. Bb6 Rf7 30. Rxf7 Qxf7 31.
Qa3 Bf5 32. Qxd6 Bd3 33. Rc1 e4 34. fxe4 f3 35. Qg3 fxg2+ 36. Kg1 Qf1+ 0-1

[Event "*** SCC Grand Prix: Titled Tuesday Blitz"]
[Site "Chess.com"]
[Date "2020.10.13"]
[Round "2"]
[White "ThePatrick27"]
[Black "sopo-tereladze"]
[Result "1-0"]
[WhiteElo "2517"]
[BlackElo "2301"]
[TimeControl "180+1"]
[EndTime "10:16:21 PDT"]
[Termination "ThePatrick27 won by resignation"]

1. d4 Nf6 2. Nf3 e6 3. c4 d5 4. g3 Be7 5. Bg2 O-O 6. O-O dxc4 7. a4 c5 8. dxc5 Na6 9. Qxd8 Rxd8 10. c6 bxc6 11.
Ne5 Nb4 12. Na3 Ba6 13. Naxc4 Bxc4 14. Nxc4 Nc2 15. Rb1 Nd5 16. Bd2 Rab8 17. Rfc1 Nd4 18. Kf1 Nb3 19. Rd1 Nxd2+ 20. Rxd2 Rb4 21. Na5 Rc8 22. Rc2 Rxa4 23. Nxc6 Bf8 24. Bxd5 Rc7 25. Bf3 g6 26. Rbc1 Bd6 27. e3 e5 28. Bd5 Kg7 29. e4 Ra6 30. b4 Rb6 31. Rc4 a6 32. h4 h5 33. Kg2 Kh6 34. Nxe5 Re7 35. Nxf7+ Kg7 36. Nxd6 Rxd6 37. Rc7 1-0

[Event "*** SCC Grand Prix: Titled Tuesday Blitz"]
[Site "Chess.com"]
[Date "2020.10.13"]
[Round "2"]
[White "Tenamu"]
[Black "mamonika"]
[Result "1-0"]
[WhiteElo "2368"]
[BlackElo "1969"]
[TimeControl "180+1"]
[EndTime "10:16:21 PDT"]
[Termination "Tenamu won by resignation"]

1. d4 Nf6 2. Nc3 e6 3. e4 d5 4. exd5 Nxd5 5. g3 Bd7 6. Bg2 Bc6 7. Nf3 Bb4 8. Qd3 Nd7 9. O-O N7f6 10. a3 Be7 11. Ne5 O-O 12. Nxc6 bxc6 13. Ne4 Nxe4 14. Bxe4 Nf6 15. Bxc6 Rb8 16. Bg2 c5 17. Be3 Rxb2 18.
dxc5 Qa5 19. c6 Rc8 20. Rab1 Rxb1 21. Rxb1 Qxa3 22. Qxa3 Bxa3 23. Ra1 Bd6 24. Rxa7 Nd5 25. Bd2 h6 26. c4 Nb6 27. Rd7 Nxc4 28. Bc3 Be5 29. Bb4 Nb6 30. Ba5 Bc7 31. Rxc7 Rxc7 32. Bxb6 Rc8 33. c7 1-0

[Event "*** SCC Grand Prix: Titled Tuesday Blitz"]
[Site "Chess.com"]
[Date "2020.10.13"]
[Round "2"]
[White "Mikedannnn"]
[Black "alexrustemov"]
[Result "1-0"]
[WhiteElo "2508"]
[BlackElo "2696"]
[TimeControl "180+1"]
[EndTime "10:16:22 PDT"]
[Termination "Mikedannnn won by checkmate"]

1. e4 e6 2. d4 d5 3. Nc3 Bb4 4. e5 c5 5. a3 Bxc3+ 6. bxc3 Qa5 7. Bd2 Qa4 8. h4 b6 9. h5 h6 10. Rh4 Ne7 11. Rg4 cxd4 12. cxd4 Nf5 13. Bd3 O-O 14. Qf3 Nc6 15. Ne2 Ba6 16. Bxf5 exf5 17. Qxf5 Bc8 18.
Rxg7+ Kxg7 19. Qf6+ Kh7 20. Qxh6+ Kg8 21. Qg5+ Kh7 22.
Qh6+ Kg8 23. Bg5 Nxd4 24. Bf6 Nf5 25. Qh8# 1-0

[Event "*** SCC Grand Prix: Titled Tuesday Blitz"]
[Site "Chess.com"]
[Date "2020.10.13"]
[Round "2"]
[White "barriochess"]
[Black "Shota_Azaladze"]
[Result "0-1"]
[WhiteElo "2262"]
[BlackElo "2647"]
[TimeControl "180+1"]
[EndTime "10:16:22 PDT"]
[Termination "Shota_Azaladze won by resignation"]

1. d4 d5 2. c4 Nf6 3. Nc3 e6 4. Nf3 c6 5. g3 Bd6 6. Bg2 O-O 7. O-O Nbd7 8. Bg5 h6 9. Bxf6 Nxf6 10. Qd3 b6 11. b3 Ba6 12. e4 Bb4 13. e5 Bxc3 14.
Qxc3 Nd7 15. Rfd1 Qe7 16. cxd5 cxd5 17. Rac1 Qa3 18. Qd2 Rac8 19. Bf1 Nb8 20. h4 Bxf1 21. Kxf1 Na6 22. Ne1 Nb4 23. Nc2 Qxa2 24. Qxb4 Rxc2 25. Rxc2 Qxc2 26. Rd2 Qc1+ 27. Ke2 Rc8 28. Qa4 Qh1 29. Rd1 Rc2+ 0-1

[Event "*** SCC Grand Prix: Titled Tuesday Blitz"]
[Site "Chess.com"]
[Date "2020.10.13"]
[Round "2"]
[White "gmpeter008"]
[Black "RamyresCoelho"]
[Result "1-0"]
[WhiteElo "2386"]
[BlackElo "2056"]
[TimeControl "180+1"]
[EndTime "10:16:23 PDT"]
[Termination "gmpeter008 won by resignation"]

1. d4 Nf6 2. Bf4 Nh5 3. Bg5 h6 4. Bc1 g6 5. e4 Bg7 6. e5 c5 7.
g4 cxd4 8. gxh5 Bxe5 9. hxg6 fxg6 10. Bd3 Kf7 11. Qg4 Qg8 12. Nf3 d6 13. Bc4+ e6 14.
Bf4 Bxf4 15. Qxf4+ Ke7 16. Qxd4 Nc6 17. Qe3 Qg7 18.
Nc3 Bd7 19. O-O-O a6 20. Nd5+ Kd8 21. Qb6+ Ke8 22. Nc7+ Kf7 23. Rxd6 Rad8 24. Qxb7 Qf6 25. Nxe6 Qxf3 26. Ng5+ Ke7 27. Nxf3 Kxd6 28. Rd1+ Ke7 29. Bxa6 Rhf8 30. Bb5 Rxf3 31. Bxc6 Rxf2 32. Rxd7+ Rxd7 33. Qxd7+ Kf6 34. Qd4+ 1-0

[Event "*** SCC Grand Prix: Titled Tuesday Blitz"]
[Site "Chess.com"]
[Date "2020.10.13"]
[Round "2"]
[White "kuban1991"]
[Black "bratkoo"]
[Result "1-0"]
[WhiteElo "2803"]
[BlackElo "2535"]
[TimeControl "180+1"]
[EndTime "10:16:24 PDT"]
[Termination "kuban1991 won by resignation"]

1. Nf3 e6 2. g3 d5 3. Bg2 Nf6 4.
O-O Be7 5. d3 O-O 6. Nbd2 c5 7.
e4 Nc6 8. e5 Nd7 9. Re1 b5 10.
h4 a5 11. Nf1 Ba6 12. h5 h6 13.
N1h2 Qc7 14. Bf4 Rfc8 15. Qd2 Bf8 16. g4 Nd4 17. g5 hxg5 18. Bxg5 Nf5 19. Bh3 Bb7 20.
Bxf5 exf5 21. Qf4 Re8 22. Qxf5 Ra6 23. Ng4 d4 24. Bf4 Bxf3 25. e6 Raxe6 26. Bxc7 Rxe1+ 27. Rxe1 Rxe1+ 28. Kh2 Rh1+ 29. Kg3 Bxg4 30. Kxg4 Nf6+ 31. Kf3 Rxh5 32. Qc8 Rd5 33. Bxa5 g6 34. Bc7 Kg7 35.
a3 Rf5+ 36. Ke2 Nd5 37. Bg3 Be7 38. Qb7 b4 39. a4 Bg5 40. a5 Nf4+ 41. Bxf4 Bxf4 42.
a6 Re5+ 43. Kf1 Re8 44. a7 1-0

[Event "*** SCC Grand Prix: Titled Tuesday Blitz"]
[Site "Chess.com"]
[Date "2020.10.13"]
[Round "2"]
[White "W_Amadeus"]
[Black "Steven_Rojas"]
[Result "1-0"]
[WhiteElo "2707"]
[BlackElo "2452"]
[TimeControl "180+1"]
[EndTime "10:16:26 PDT"]
[Termination "W_Amadeus won by resignation"]

1. e4 e5 2. Nf3 Nc6 3. Bb5 a6 4. Ba4 Nf6 5. O-O b5 6. Bb3 Bc5 7. a4 Rb8 8. c3 d6 9. d4 Bb6 10. a5 Ba7 11. h3 O-O 12. Be3 Ra8 13. Re1 h6 14. Nbd2 exd4 15. cxd4 Nb4 16. e5 Nfd5 17. Ne4 Bf5 18. Bd2 dxe5 19. Ng3 Bh7 20. Nxe5 Bxd4 21. Bxb4 Nxb4 22. Nxf7 Rxf7 23. Bxf7+ Kxf7 24. Qb3+ Nd5 25.
Rad1 c5 26. Ne2 Qd6 27. Nxd4 cxd4 28. Rxd4 Rd8 29. Red1 Ke6 30. Rxd5 Qxd5 31. Rxd5 Rxd5 32. Qe3+ Kd6 33. Qb6+ Ke5 34. Qxa6 Be4 35. f3 Bc2 36. Qb6 Rd1+ 37. Kh2 Rd6 38. Qc5+ Kf4 39. Qxd6+ 1-0

[Event "*** SCC Grand Prix: Titled Tuesday Blitz"]
[Site "Chess.com"]
[Date "2020.10.13"]
[Round "2"]
[White "Rap_woyska"]
[Black "baki83"]
[Result "0-1"]
[WhiteElo "2513"]
[BlackElo "2758"]
[TimeControl "180+1"]
[EndTime "10:16:29 PDT"]
[Termination "baki83 won by resignation"]

1. c4 e5 2. Nc3 Nc6 3. Nf3 g6 4. d4 exd4 5. Nxd4 Bg7 6. Nxc6 dxc6 7. Qxd8+ Kxd8 8. Bg5+ Ke8 9. O-O-O Be6 10. e3 Nf6 11.
Be2 Nd7 12. Kc2 a5 13. g4 Ne5 14. Ne4 Bxg4 15. Bxg4 Nxg4 16. h3 Ne5 17. Nf6+ Kf8 18.
Nd7+ Nxd7 19. Rxd7 Be5 20. c5 h6 21. Be7+ Ke8 22.
Rhd1 Bd6 23. R7xd6 cxd6 24. cxd6 Kd7 25. Kc3 g5 26.
Kd4 Rhg8 27. Rg1 Rg6 28. Ke5 a4 29. Kf5 Ra5+ 30. Kg4 h5+ 31. Kxh5 g4+ 32. Kh4 Rh6+ 33. Kxg4 Rg6+ 0-1

[Event "*** SCC Grand Prix: Titled Tuesday Blitz"]
[Site "Chess.com"]
[Date "2020.10.13"]
[Round "2"]
[White "picturesquecheck"]
[Black "Oligan22"]
[Result "0-1"]
[WhiteElo "2215"]
[BlackElo "2439"]
[TimeControl "180+1"]
[EndTime "10:16:29 PDT"]
[Termination "Oligan22 won by resignation"]

1. e4 c5 2. Nf3 e6 3. d4 cxd4 4.
Nxd4 a6 5. Be2 Qc7 6. O-O Nf6 7.
Nc3 b5 8. e5 Qxe5 9. Bf3 Ra7 10. Re1 Qc7 11. Be3 Bc5 12. Ndxb5 axb5 13. Nxb5 Qb6 14.
Nd6+ Ke7 15. Nc4 Qc7 16. b4 Bxe3 17. Nxe3 Bb7 18. c4 Bxf3 19. Qxf3 Nc6 20. Nf5+ Kf8 21. b5 Ne5 22. Qg3 Nfg4 23. Nxg7 Kxg7 24. h3 h5 25. hxg4 Nxg4 26. Qc3+ f6 27. g3 Qc5 28. Qf3 Ra3 29.
Qg2 h4 30. gxh4 Rxh4 31. Re4 f5 32. Rf4 Rah3 33. Rd1 Rh1+ 34. Qxh1 Rxh1+ 35. Kxh1 Nxf2+ 36. Rxf2 Qxf2 37. Rxd7+ Kf6 38. Rc7 f4 39. Rc5 f3 0-1

[Event "*** SCC Grand Prix: Titled Tuesday Blitz"]
[Site "Chess.com"]
[Date "2020.10.13"]
[Round "2"]
[White "queen_iryna"]
[Black "Brave_spirit12"]
[Result "1-0"]
[WhiteElo "2293"]
[BlackElo "2476"]
[TimeControl "180+1"]
[EndTime "10:16:30 PDT"]
[Termination "queen_iryna won on time"]

1. e4 e6 2. d4 d5 3. Nc3 Nf6 4.
Bg5 Be7 5. e5 Nfd7 6. Bxe7 Qxe7 7.
f4 a6 8. Nf3 c5 9. Qd2 Nc6 10.
dxc5 Nxc5 11. Bd3 O-O 12. O-O f6 13. Rae1 Bd7 14. exf6 Qxf6 15. Ne5 Nxe5 16. fxe5 Qh4 17. Qe3 Nxd3 18. cxd3 d4 19. Qe4 Qxe4 20. Nxe4 Bb5 21. Nf2 Rf5 22. b3 Rc8 23. a4 Bc6 24. Ne4 Rxe5 25. Nd6 Rxe1 26. Rxe1 1-0

[Event "*** SCC Grand Prix: Titled Tuesday Blitz"]
[Site "Chess.com"]
[Date "2020.10.13"]
[Round "2"]
[White "mjray79"]
[Black "BikingBrian"]
[Result "1-0"]
[WhiteElo "2424"]
[BlackElo "2201"]
[TimeControl "180+1"]
[EndTime "10:16:30 PDT"]
[Termination "mjray79 won by resignation"]

1. d4 Nf6 2. c4 g6 3. Nc3 Bg7 4. e4 d6 5. Nge2 O-O 6. Ng3 c5 7. d5 e6 8. Be2 exd5 9. cxd5 a6 10. a4 h5 11. O-O h4 12. Nh1 Nh7 13. f3 f5 14. Nf2 Nd7 15. exf5 gxf5 16. Bf4 Ne5 17.
Nd3 Ng6 18. Be3 Re8 19. Bf2 Rb8 20. a5 b5 21. axb6 Rxb6 22. Rc1 Ne5 23. Nf4 Rxb2 24. Ne6 Rxe6 25. dxe6 Bxe6 26. Bxc5 d5 27. Bd4 Rb4 28.
Bf2 d4 29. Na4 Qa5 30. Nc5 Bc4 31. Bxc4+ Rxc4 32. Rxc4 Nxc4 33. Bxd4 Nd2 34. Nb3 Nxb3 35. Qxb3+ Kf8 36. Qb8+ Kf7 37. Qb7+ Ke6 38. Qxg7 1-0

[Event "*** SCC Grand Prix: Titled Tuesday Blitz"]
[Site "Chess.com"]
[Date "2020.10.13"]
[Round "2"]
[White "BAS8892"]
[Black "GiorgianBarbosa"]
[Result "1-0"]
[WhiteElo "2796"]
[BlackElo "2427"]
[TimeControl "180+1"]
[EndTime "10:16:32 PDT"]
[Termination "BAS8892 won by resignation"]

1. d4 Nf6 2. c4 g6 3. Nc3 Bg7 4. e4 O-O 5. f4 d6 6. Nf3 c5 7. d5 e6 8. Be2 exd5 9. cxd5 a6 10. a4 Qc7 11. O-O Nbd7 12. e5 dxe5 13. d6 Qb6 14. a5 Qa7 15. fxe5 Ng4 16. Bf4 c4+ 17. Kh1 Ne3 18. Qd2 Nxf1 19. Rxf1 Nc5 20. Bxc4 Be6 21. Nd5 Bxd5 22. Bxd5 Rad8 23. Be3 b6 24. axb6 Qxb6 25.
b4 Qb5 26. Rd1 Ne6 27. h3 Rd7 28. Qa2 Re8 29. Rc1 Nf8 30. Bc5 Bxe5 31. Nxe5 Rxe5 32. Bc4 Qc6 33. Rf1 Ne6 34. Qb2 Rxc5 35. bxc5 Qxc5 36. Bxe6 fxe6 37. Qb8+ 1-0

[Event "*** SCC Grand Prix: Titled Tuesday Blitz"]
[Site "Chess.com"]
[Date "2020.10.13"]
[Round "2"]
[White "sjam6687"]
[Black "maciek_92"]
[Result "1-0"]
[WhiteElo "2555"]
[BlackElo "2763"]
[TimeControl "180+1"]
[EndTime "10:16:33 PDT"]
[Termination "sjam6687 won by resignation"]

1. d4 Nf6 2. c4 g6 3. Nc3 Bg7 4. e4 d6 5. h3 c5 6. d5 O-O 7.
Nf3 e6 8. Bd3 exd5 9. cxd5 b5 10. Bxb5 Nxe4 11. Nxe4 Qa5+ 12. Bd2 Qxb5 13. Nxd6 Qa6 14.
Nxc8 Re8+ 15. Be3 Bxb2 16. Rb1 Bc3+ 17. Nd2 Nd7 18. Nd6 Qxd6 19. O-O Qxd5 20. Rc1 Rxe3 21.
fxe3 Bxd2 22. Rf2 Nb6 23. Rxd2 Qg5 24. Qe2 Re8 25. Re1 Nd5 26. Qf3 Rxe3 27. Rxe3 Nxe3 28. Re2 Nf5 29. Qc3 Nd4 30. Re8+ Kg7 31. Qe3 Qxe3+ 32. Rxe3 Kf6 33. Ra3 Ke5 34. Rxa7 c4 35. Kf2 c3 36.
Ke3 f5 37. Ra5+ 1-0

[Event "*** SCC Grand Prix: Titled Tuesday Blitz"]
[Site "Chess.com"]
[Date "2020.10.13"]
[Round "2"]
[White "poppy73"]
[Black "bugsbunny444"]
[Result "0-1"]
[WhiteElo "2251"]
[BlackElo "2470"]
[TimeControl "180+1"]
[EndTime "10:16:34 PDT"]
[Termination "bugsbunny444 won by resignation"]

1. e4 c5 2. Nf3 e6 3. d4 cxd4 4. Nxd4 a6 5. Bd3 Nf6 6. O-O Qc7 7. Qe2 d6 8. c4 Nbd7 9. Nc3 Ne5 10. f4 Qb6 11. Be3 Neg4 12. Nf5 Nxe3 13. Nxe3 Ng4 14. Rf3 Bd7 15. Kh1 Nxe3 16. Rxe3 Be7 17. f5 Bf6 18. fxe6 fxe6 19. Rc1 O-O 20. Rh3 Be5 21. Qh5 h6 22. Qg6 Rf6 23. Qg4 Raf8 24. Rf3 Qxb2 25. Rxf6 Rxf6 26.
Rf1 Rxf1+ 27. Bxf1 Qxc3 28. Qf3 Qxf3 29. gxf3 b5 30.
cxb5 Bxb5 31. Kg2 Bxf1+ 32. Kxf1 Bxh2 33. Ke2 Bf4 34. Kd3 h5 35. Ke2 h4 36. Kf1 h3 37.
Kg1 d5 38. Kh1 d4 39. Kg1 d3 40. Kf2 h2 41. Kg2 d2 0-1

[Event "*** SCC Grand Prix: Titled Tuesday Blitz"]
[Site "Chess.com"]
[Date "2020.10.13"]
[Round "2"]
[White "BursaBBSatranc"]
[Black "GigaQuparadze"]
[Result "0-1"]
[WhiteElo "2601"]
[BlackElo "2968"]
[TimeControl "180+1"]
[EndTime "10:16:35 PDT"]
[Termination "GigaQuparadze won by resignation"]

1. d4 Nf6 2. Bf4 b6 3. e3 Bb7 4.
Nf3 g6 5. Nbd2 Bg7 6. h3 O-O 7. Bc4 d6 8. c3 Nbd7 9. O-O c5 10. a4 a6 11. Bh2 Bc6 12. Qe2 Qc8 13. e4 Nxe4 14.
Nxe4 d5 15. Bd3 dxe4 16. Bxe4 cxd4 17. cxd4 Bxe4 18. Qxe4 Qd8 19. Rfc1 Nf6 20. Qb7 Nd5 21. Ne5 e6 22. Nc6 Qg5 23. Bg3 h5 24. h4 Qg4 25.
Ne7+ Nxe7 26. Qxe7 Bxd4 27. Kh2 Bc5 28. Qg5 Qxg5 29. hxg5 Rfd8 30. Rc2 Rd5 31. f4 a5 32. Re1 Rad8 33. Ree2 Rd3 34. b3 Rxb3 0-1

[Event "*** SCC Grand Prix: Titled Tuesday Blitz"]
[Site "Chess.com"]
[Date "2020.10.13"]
[Round "2"]
[White "ManuDavid2910"]
[Black "icychess54"]
[Result "1-0"]
[WhiteElo "2649"]
[BlackElo "2284"]
[TimeControl "180+1"]
[EndTime "10:16:35 PDT"]
[Termination "ManuDavid2910 won by checkmate"]

1. e4 c5 2. Nf3 d6 3. c3 Nf6 4.
Bc4 Nc6 5. d3 e6 6. O-O Be7 7.
Bb3 O-O 8. Re1 a6 9. d4 e5 10.
h3 b5 11. Bg5 c4 12. Bc2 Nh5 13. Be3 g6 14. Nbd2 Bf6 15. b3 cxb3 16. Bxb3 b4 17. Bd5 bxc3 18. Nc4 Bb7 19. Rb1 Qe7 20. Rb6 exd4 21. Nxd4 Bxd4 22. Bxd4 Nxd4 23. Rxb7 Qe5 24. Nxe5 dxe5 25. Qc1 Nf4 26. Kh2 Nd3 27. Qxc3 Nxe1 28. Qxe1 Rac8 29. Qa5 Rc2 30. Kg3 h5 31. Qxa6 h4+ 32.
Kxh4 Rxf2 33. Qxg6+ Kh8 34. Qh5+ Kg8 35. Qg5+ Kh8 36.
Qxe5+ Kh7 37. Qxd4 Rxg2 38. Rxf7+ Rxf7 39. Bxf7 Kh6 40.
Qh8# 1-0

[Event "*** SCC Grand Prix: Titled Tuesday Blitz"]
[Site "Chess.com"]
[Date "2020.10.13"]
[Round "2"]
[White "Indianlad"]
[Black "Stouuf"]
[Result "1-0"]
[WhiteElo "2918"]
[BlackElo "2589"]
[TimeControl "180+1"]
[EndTime "10:16:37 PDT"]
[Termination "Indianlad won by resignation"]

1. b3 d5 2. Bb2 Bg4 3. f3 Bh5 4. e3 f6 5. d4 e5 6. Nc3 Nc6 7. dxe5 Bf7 8. exf6 Nxf6 9. Qd2 Bc5 10. O-O-O Qe7 11.
Re1 O-O-O 12. Bb5 Ne5 13. Nh3 c6 14. Bf1 Rhe8 15. Kb1 Kb8 16. Nf4 Qc7 17. Nd3 Bd6 18. Nxe5 Bxe5 19. Bd3 h6 20. g4 Nd7 21. f4 Bf6 22. h4 Nc5 23. g5 hxg5 24. hxg5 Be7 25. Rh7 Bf8 26. Reh1 Ne4 27. Bxe4 dxe4 28. Qe2 Bg6 29.
Rh8 Qa5 30. Rd1 Rxd1+ 31. Nxd1 Qd8 32. Nf2 Bf5 33. Ng4 Bc5 34. Rxe8 Qxe8 35. Ne5 Qd8 36. a4 g6 37. Bc3 a6 38. a5 Ka7 39. Kb2 Qe7 40. Nc4 Qd7 41. Qe1 Qe7 42. Be5 Be6 43. Qc3 Bd5 44. Bd4 Kb8 45. Bxc5 Qxc5 46. Ne5 Qd6 47. Qd4 Kc8 48. c4 1-0

[Event "*** SCC Grand Prix: Titled Tuesday Blitz"]
[Site "Chess.com"]
[Date "2020.10.13"]
[Round "2"]
[White "cholzan"]
[Black "Baby_Legs"]
[Result "0-1"]
[WhiteElo "2446"]
[BlackElo "2700"]
[TimeControl "180+1"]
[EndTime "10:16:37 PDT"]
[Termination "Baby_Legs won by resignation"]

1. d4 Nf6 2. c4 e6 3. Nc3 Bb4 4. e3 O-O 5. Ne2 c6 6. a3 Ba5 7. b4 Bc7 8. Ng3 d5 9. Bb2 Nbd7 10. cxd5 exd5 11. Bd3 Re8 12. O-O g6 13. Qc2 Nb6 14.
b5 Ng4 15. Nce2 Qh4 16. h3 Nxe3 17. fxe3 Bxg3 18. Nxg3 Qxg3 19. Rf3 Qd6 20. Raf1 Be6 21. a4 Rac8 22. a5 cxb5 23. Qb3 Nc4 24. Bxc4 bxc4 25.
Qxb7 Rb8 26. Qxa7 Re7 27. Ba3 Rxa7 28. Bxd6 Rb5 29. R3f2 Raxa5 30. Re1 Bf5 31. g4 Be4 32. Ref1 Ra7 33. Be5 h6 34. h4 Rb6 35. h5 gxh5 36.
Rf6 Rxf6 37. Rxf6 Kh7 38. gxh5 c3 39. Rc6 c2 40. Kf2 Ra1 41. Rc7 c1=Q 0-1

[Event "*** SCC Grand Prix: Titled Tuesday Blitz"]
[Site "Chess.com"]
[Date "2020.10.13"]
[Round "2"]
[White "Loy_Konstantin"]
[Black "JRenatoMaranhao"]
[Result "1-0"]
[WhiteElo "2358"]
[BlackElo "1927"]
[TimeControl "180+1"]
[EndTime "10:16:37 PDT"]
[Termination "Loy_Konstantin won on time"]

1. e4 c6 2. d4 d5 3. exd5 cxd5 4.
c4 Nf6 5. Nc3 e6 6. Nf3 Nc6 7.
c5 Be7 8. Bb5 Bd7 9. O-O O-O 10.
Bf4 a6 11. Bxc6 Bxc6 12. h3 Ne4 13. Qc2 g5 14. Bh2 h5 15. Ne5 Nxc3 16. Qxc3 Be8 17. Qd3 b6 18. c6 f6 19. Ng6 Bxc6 20. Nxf8 Bxf8 21. Qg6+ Bg7 22. Qxh5 e5 23. dxe5 fxe5 24. Rac1 Rc8 25. Rfe1 d4 26. f3 d3 27. Rcd1 Qd4+ 28. Kh1 Qxb2 29. Qxg5 Rf8 30. Bxe5 1-0

[Event "*** SCC Grand Prix: Titled Tuesday Blitz"]
[Site "Chess.com"]
[Date "2020.10.13"]
[Round "2"]
[White "ural58"]
[Black "GMSrinath"]
[Result "0-1"]
[WhiteElo "2348"]
[BlackElo "2819"]
[TimeControl "180+1"]
[EndTime "10:16:38 PDT"]
[Termination "GMSrinath won by checkmate"]

1. e4 c5 2. b3 Nc6 3. Bb2 Nf6 4. e5 Nd5 5. Nf3 Nc7 6. Ng5 h6 7.
Qh5 g6 8. Qh4 Bg7 9. Ne4 Nxe5 10.
Nbc3 d6 11. O-O-O O-O 12. f4 Nc6 13. g4 a5 14. a4 Nd4 15. Bd3 b5 16. f5 bxa4 17.
Nxa4 Ba6 18. Bxa6 Nxa6 19. fxg6 fxg6 20. g5 h5 21. Rhe1 Nb4 22. Bxd4 cxd4 23. Kb1 Rb8 24. Qg3 d3 25. c3 Nc2 26. Ka2 Nxe1 27. Rxe1 Qe8 28. Qxd3 Qf7 29. c4 Qf5 30. Nac3 Qe5 31. Rb1 Kh7 32. h4 Rf4 33. Ka3 Rxh4 34. c5 dxc5 35.
Qd7 Rxe4 36. Nxe4 Qxe4 37. d3 Qb4+ 38. Ka2 Qd2+ 39. Ka3 a4 40. Qxa4 Qc3 41. Qa7 Rb5 42. Ka4 Qb4# 0-1

[Event "*** SCC Grand Prix: Titled Tuesday Blitz"]
[Site "Chess.com"]
[Date "2020.10.13"]
[Round "2"]
[White "Unknown_IM"]
[Black "anon102030"]
[Result "0-1"]
[WhiteElo "2343"]
[BlackElo "2723"]
[TimeControl "180+1"]
[EndTime "10:16:38 PDT"]
[Termination "anon102030 won by resignation"]

1. e4 e5 2. Nf3 Nc6 3. Bb5 Nge7 4. c3 d6 5. d4 Bd7 6. O-O Ng6 7. Re1 Be7 8. Nbd2 O-O 9. Nf1 Nxd4 10. Nxd4 exd4 11.
Bxd7 Qxd7 12. cxd4 d5 13. e5 c5 14. dxc5 Bxc5 15. Be3 d4 16. Rc1 Bb6 17. Bd2 Qd5 18.
Qb3 Qxb3 19. axb3 Rad8 20. Ng3 Rfe8 21. f4 Rd5 22. Ne4 d3+ 23. Kf1 h6 24. Nd6 Re7 25.
g4 Bc7 26. Nf5 Red7 27. h4 Ne7 28. Ng3 f6 29. exf6 gxf6 30. Nh5 Kf7 31. Re4 f5 32. gxf5 Nxf5 33. Rce1 Re7 34. Rxe7+ Nxe7 35. Kf2 Rxh5 36. Kg3 Rb5 37. Bc3 Rxb3 38. Rd1 Nd5 39. Rxd3 Ke6 40. Kg4 Bxf4 41. Rd1 Ne3+ 42. Kxf4 Nxd1 0-1

[Event "*** SCC Grand Prix: Titled Tuesday Blitz"]
[Site "Chess.com"]
[Date "2020.10.13"]
[Round "2"]
[White "Lenyas66"]
[Black "GrigorGrigorov"]
[Result "0-1"]
[WhiteElo "2347"]
[BlackElo "2804"]
[TimeControl "180+1"]
[EndTime "10:16:39 PDT"]
[Termination "GrigorGrigorov won by resignation"]

1. d4 Nf6 2. Bg5 e6 3. e4 h6 4. Bxf6 Qxf6 5. Nf3 d6 6. Nbd2 Nd7 7. c3 g6 8. Bd3 Bg7 9. O-O O-O 10. a4 a5 11. Re1 e5 12. Nc4 Qe7 13. Qb3 Kh7 14.
Rad1 b6 15. Ne3 Bb7 16. dxe5 Nxe5 17. Nxe5 Bxe5 18. Nd5 Qd8 19. Bc4 Bg7 20. f4 Re8 21. e5 Qh4 22. Nxc7 Qxf4 23. Bxf7 Rxe5 24. Nxa8 Rxe1+ 25. Rxe1 Qd2 0-1

[Event "*** SCC Grand Prix: Titled Tuesday Blitz"]
[Site "Chess.com"]
[Date "2020.10.13"]
[Round "2"]
[White "ShcufNaiRolf"]
[Black "KonstantinB_1983"]
[Result "1-0"]
[WhiteElo "2314"]
[BlackElo "2497"]
[TimeControl "180+1"]
[EndTime "10:16:39 PDT"]
[Termination "ShcufNaiRolf won by resignation"]

1. e4 d5 2. exd5 Qxd5 3. Nc3 Qd6 4. d4 Nf6 5. Nf3 Bg4 6. Be2 Nc6 7. h3 Bh5 8. Nb5 Qd8 9. Bf4 Nd5 10. Bh2 a6 11. Nc3 Nxc3 12. bxc3 e6 13. Rb1 Rb8 14. O-O Bd6 15.
Ne5 Bxe5 16. Bxh5 Bxh2+ 17. Kxh2 Qd6+ 18. Kg1 O-O 19. Re1 b6 20. Qe2 a5 21. Bf3 Ne7 22.
Qc4 Rfc8 23. Qa6 Qa3 24. Qd3 Qxa2 25. Ra1 Qb2 26. Reb1 Qxb1+ 27. Rxb1 c6 28. Qa6 b5 29. Qxa5 Ra8 30. Qb4 Nf5 31. Qb2 Nd6 32. Ra1 Nc4 33. Qc1 Rab8 34. Ra6 c5 35. d5 e5 36. Ra7 f5 37.
Qg5 g6 38. Qf6 1-0

[Event "*** SCC Grand Prix: Titled Tuesday Blitz"]
[Site "Chess.com"]
[Date "2020.10.13"]
[Round "2"]
[White "ama18"]
[Black "Jabberwockiez"]
[Result "1-0"]
[WhiteElo "2451"]
[BlackElo "2228"]
[TimeControl "180+1"]
[EndTime "10:16:40 PDT"]
[Termination "ama18 won by checkmate"]

1. e4 c5 2. Nf3 d6 3. d4 cxd4 4. Nxd4 Nf6 5. f3 Nc6 6. c4 e5 7. Nc2 a5 8. Nc3 a4 9. Ne3 Qa5 10. Bd2 Qb6 11. Ned5 Nxd5 12. Nxd5 Qd8 13. Be3 Qa5+ 14.
Kf2 Ra6 15. Rb1 Be6 16. Be2 Be7 17. b4 axb3 18. axb3 O-O 19. b4 Qa2 20. b5 Bxd5 21. cxd5 Ra3 22. bxc6 bxc6 23. Ra1 Qxa1 24. Qxa1 Rxa1 25.
Rxa1 cxd5 26. exd5 f5 27. Ra7 Re8 28. Bb5 Rb8 29.
Bd7 f4 30. Be6+ Kf8 31. Bd2 Rb2 32. Ra8+ Bd8 33. Rxd8+ Ke7 34. Rd7+ Kf6 35. Ke2 h5 36. h4 g5 37. hxg5+ Kxg5 38. Rxd6 e4 39. fxe4 Kh4 40. Rd7 Kg3 41. Rg7+ Kh2 42. d6 h4 43. d7 Rb8 44.
Bxf4+ Kg1 45. Bxb8 h3 46. gxh3+ Kh1 47. Rh7 Kg1 48. d8=Q Kh1 49. Qd1+ Kg2 50. Qf1# 1-0

[Event "*** SCC Grand Prix: Titled Tuesday Blitz"]
[Site "Chess.com"]
[Date "2020.10.13"]
[Round "2"]
[White "Infernal_XaM"]
[Black "MatyChess1"]
[Result "1-0"]
[WhiteElo "2880"]
[BlackElo "2571"]
[TimeControl "180+1"]
[EndTime "10:16:41 PDT"]
[Termination "Infernal_XaM won on time"]

1. d4 Nf6 2. c4 e6 3. Nc3 Bb4 4. Bd2 O-O 5. Nf3 d5 6. e3 b6 7. cxd5 exd5 8. Bd3 c5 9. O-O Nc6 10. Ne5 Bb7 11. a3 cxd4 12. Nxc6 Bxc6 13. axb4 dxc3 14.
Bxc3 Ne4 15. Bd4 Qh4 16. Qe2 Rfe8 17. Ra3 Re6 18. Rfa1 Rh6 19. h3 Rg6 20. Bxe4 dxe4 21. Kh1 h6 22. Rxa7 Rxa7 23. Rxa7 Qg5 24. Qg4 Qb5 25.
Qd1 Qg5 26. Qg1 Bb5 27. Rb7 Qd8 28. Qh2 Kh7 29. Rxf7 Be2 30. Qf4 Qc8 31. Qxe4 Bc4 32. Rxg7+ 1-0